 Dungeon Crawl Stone Soup version 0.29-a0-998-g1987434951 (webtiles) character file.

Game seed: 6361833173329328495

24 gelatine the Ruffian (level 3, 0/31 HPs)
             Began as a Naga Transmuter on Aug 5, 2022.
             Slain by a quokka (2 damage)
             ... on level 2 of the Dungeon.
             The game lasted 00:02:30 (1626 turns).

gelatine the Ruffian (Naga Transmuter)              Turns: 1626, Time: 00:02:31

Health: 0/31       AC:  3    Str: 12    XL:     3   Next: 2%
Magic:  6/6        EV: 10    Int: 15    God:
Gold:   40         SH:  0    Dex: 11    Spells: 5/6 levels left

rFire   . . .      SeeInvis +     - Unarmed
rCold   . . .      Faith    .   (no shield)
rNeg    . . .      Spirit   .   a - +0 robe
rPois   +          Reflect  .   (no helmet)
rElec   .          Harm     .   (no cloak)
rCorr   .          Rampage  .   g - +0 pair of gloves
Will    .....                   (no barding)
Stlth   +.........              h - amulet of magic regeneration
HPRegen 0.10/turn               (no ring)
MPRegen 0.50/turn               (no ring)

@: very slow
A: AC +1, large, see invisible, deformed body, poison resistance, slowness 2,
spit poison 1, naga tail 1
a: Spit Poison


You were on level 2 of the Dungeon.
You visited 1 branch of the dungeon, and saw 2 of its levels.

You collected 40 gold pieces.

Inventory:

Missiles
 f - a javelin
Armour
 a - a +0 robe (worn)
 g - a +0 pair of gloves (worn)
Magical Staves
 d - a staff of fire
Jewellery
 h - an amulet of magic regeneration (around neck)
Scrolls
 c - 2 scrolls of identify {unknown}
 e - a scroll of teleportation {unknown}
 i - a scroll of enchant armour {unknown}
Potions
 b - a potion of lignification


   Skills:
 + Level 1.1 Fighting
 + Level 2.0 Dodging
 + Level 3.3 Unarmed Combat
 + Level 2.2 Spellcasting
 + Level 2.2 Transmutations


You had 5 spell levels left.
You knew the following spells:

 Your Spells              Type           Power      Damage    Failure   Level
a - Beastly Appendage     Tmut           16%        N/A       9%          1

Your spell library contained the following spells:

 Spells                   Type           Power      Damage    Failure   Level
 Wereblood                Tmut           8%         N/A       13%         2
 Blink                    Tloc           2%         N/A       32%         2
 Spider Form              Tmut/Pois      5%         N/A       38%         3
 Lesser Beckoning         Tloc           1%         N/A       54%         3
 Ice Form                 Ice/Tmut       5%         N/A       80%         4
 Manifold Assault         Tloc           1%         N/A       99%         5


Dungeon Overview and Level Annotations

Branches:
Dungeon (2/15)

Altars:


Innate Abilities, Weirdness & Mutations

Your serpentine skin is tough. (AC +1)
You have supernaturally acute eyesight. (SInv)
Armour fits poorly on your strangely shaped body.
Your system is resistant to poisons. (rPois)
You cover ground very slowly.
You can spit poison.
You have a snake-like lower body.


Message History

Press: ? - help, Shift-Dir - straight line, f - worm
Aim: a worm (75% to hit)
You throw a javelin. The javelin pierces through the worm.
The worm is lightly wounded.
The dart slug briefly extends its eye-stalks.
The dart slug launches a dart at you. The slug dart hits you.
* * * LOW HITPOINT WARNING * * *
You hit the worm.
The worm is moderately wounded.
The worm closely misses you.
You hit the worm.
The worm is heavily wounded.
You completely miss the worm. You headbutt the worm!
You kill the worm!
The dart slug launches a dart at you. The slug dart hits you.
* * * LOW HITPOINT WARNING * * *
Your Dodging skill increases to level 2!
You have reached level 3!
Your experience leads to an increase in your attributes!
Increase (S)trength, (I)ntelligence, or (D)exterity?
You feel clever. x2; Your skin feels tougher.
Your transformation is almost over.
A quokka comes into view.
The dart slug launches a dart at you. The slug dart hits you.
* * * LOW HITPOINT WARNING * * *
Your horns disappear.
The quokka closely misses you.
Found a rapier.
The quokka barely misses you. The quokka closely misses you.
Things that are here:
a +0 dagger; a stone; a kobold corpse The quokka attacks as you move away!
The quokka barely misses you. The quokka bites you.
* * * LOW HITPOINT WARNING * * *
The quokka bites you.
You die...

##. #... ....
...##..##..#
..........#
.........####
#.......#
#..)..#.### ..
##.#......####....
#r.##.$##.........
#@####w....####..
#.# ##(....# ##.#
#.# #......#....#
..###.##.†....#
............#.#
#.##..###.#.......
..#..# #.##.#..#..
.##.# ###....##.#
. #. #.#....
##...........


You could see a quokka.

Vanquished Creatures
  2 worms (D:2)
  3 endoplasms
  2 giant cockroaches (D:1)
  2 goblins (D:1)
  2 hobgoblins
  2 bats
  A frilled lizard (D:1)
  A kobold (D:2)
  4 rats
19 creatures vanquished.

Notes
Turn   | Place    | Note
-------+----------+-------------------------------------------
     0 | D:1      | gelatine the Naga Transmuter began the quest for the Orb.
     0 | D:1      | Reached XP level 1. HP: 18/18 MP: 3/3
   459 | D:1      | Reached XP level 2. HP: 21/25 MP: 3/5
  1613 | D:2      | Reached XP level 3. HP: 3/31 MP: 6/6
  1626 | D:2      | Slain by a quokka

Illustrated notes

Levels and vault maps discovered:
D:1:      ncdulo_smallfort, layout_basic
D:2:      layout_rooms, shapermc_ecumenical_altar_acropolis

Skill      XL: |  1  2 |
---------------+-------+-----
Dodging        | 2 |  2.0
Fighting       | |  1.1
Unarmed Combat | |  3.3
Spellcasting   | |  2.2
Transmutations | |  2.2

Action                   || total
-------------------------++-------
Melee: Unarmed           ||    74
       Headbutt          ||     8
       Punch             ||     3
Throw: Javelin           ||     1
 Cast: Beastly Appendage ||    15
Armor: Robe              ||    19
Dodge: Dodged            ||    50

Table legend: (Time is in decaauts)
 A = Elapsed time spent in this place.
 B = Non-inter-level travel time spent in this place.
 C = Inter-level travel time spent in this place.
 D = Time resting spent in this place.
 E = Time spent auto-exploring this place.
 F = Levels seen in this place.
 G = Mean time per level.
                   A        B        C        D        E       F      G
               +--------+--------+--------+--------+--------+-----+--------+
         Total |   1943 |   1917 |     26 |    214 |   1449 |   2 |  971.5 |
       Dungeon |   1943 |   1917 |     26 |    214 |   1449 |   2 |  971.5 |
               +--------+--------+--------+--------+--------+-----+--------+

Top non-repeatable levels by time:
     D:1: 1543 daAuts
     D:2: 400 daAuts
